 Dungeon Crawl Stone Soup version 0.30-b1-2-g02819fbbbe (webtiles) character file.

Game seed: 13826256942409227488

5466 loralnil the Martial Artist (level 10, -5/66 HPs)
             Began as an Octopode Transmuter on Dec 4, 2023.
             Was a Believer of Dithmenos.
             Slain by a yak (13 damage)
             ... on level 8 of the Dungeon.
             The game lasted 00:12:27 (8878 turns).

loralnil the Martial Artist (Octopode Transmuter)   Turns: 8878, Time: 00:12:28

Health: -5/66      AC:  5    Str: 16    XL:     10   Next: 69%
Magic:  0/20       EV: 16    Int: 18    God:    Dithmenos [**....]
Gold:   894        SH:  0    Dex: 14    Spells: 17/23 levels left

rFire   . .          .
                       - Unarmed
rCold   . . .        (no shield)
rNeg    . . .        (helmet currently unavailable)
rPois   .            h - amulet of guardian spirit
rElec   .            d - +4 ring of protection
rCorr   .            n - +6 ring of strength
SInv    .            (no ring)
Will    .....        (no ring)
Stlth   +++          (no ring)
HPRegen 0.31/turn    (no ring)
MPRegen 0.17/turn    (no ring)
                     (no ring)

%: guardian spirit
@: appendages (expiring), wereblooded, wreathed by umbra
A: tentacle spike 3, almost no armour, amphibious, 8 rings, camouflage 1,
gelatinous body 1, (nimble swimmer 1), tentacles
a: End Transformation, Renounce Religion, Shadow Step


You were on level 8 of the Dungeon.
You worshipped Dithmenos.
Dithmenos was pleased with you.
One of your tentacles had grown a beastly spike.
You visited 2 branches of the dungeon, and saw 9 of its levels.
You also visited: Sewer.

You collected 894 gold pieces.

Inventory:

Missiles
 u - a throwing net
Jewellery
 d - a +4 ring of protection (left tentacle)
 h - an amulet of guardian spirit (around mantle)
 n - a +6 ring of strength (right tentacle)
Wands
 k - a wand of flame (30)
Scrolls
 b - a scroll of poison
 c - a scroll of brand weapon
 f - 2 scrolls of blinking
 i - 4 scrolls of immolation
 r - 2 scrolls of butterflies
 x - a scroll of fog
 y - 2 scrolls of teleportation
 z - a scroll of enchant armour
 A - a scroll of fear {unknown}
 B - a scroll of identify
 C - a scroll of amnesia {unknown}
Potions
 a - 4 potions of lignification
 e - 2 potions of curing
 g - 2 potions of might
 j - 2 potions of attraction {unknown}
 l - 3 potions of magic {unknown}
 m - 2 potions of mutation {unknown}
 o - 4 potions of ambrosia {unknown}
 p - a potion of haste {unknown}
 q - a potion of flight {unknown}
 s - 2 potions of degeneration {unknown}
 t - 2 potions of heal wounds {unknown}
 v - a potion of brilliance {unknown}
 w - a potion of berserk rage {unknown}


   Skills:
 - Level 5.0 Fighting
 + Level 7.6 Dodging
 + Level 8.0 Unarmed Combat
 + Level 7.0 Spellcasting
 + Level 7.7 Transmutations


You had 17 spell levels left.
You knew the following spells:

 Your Spells              Type           Power      Damage    Failure   Level
a - Beastly Appendage     Tmut           68%        N/A       1%          1
b - Wereblood             Tmut           34%        N/A       1%          2
c - Spider Form           Tmut/Pois      20%        N/A       7%          3

Your spell library contained the following spells:

 Spells                   Type           Power      Damage    Failure   Level
 Slow                     Hex            24%        N/A       11%         1
 Ice Form                 Ice/Tmut       20%        N/A       22%         4
 Confusing Touch          Hex            6%         N/A       32%         3
 Vampiric Draining        Necr           6%         2d6       32%         3
 Animate Dead             Necr           6%         N/A       71%         4
 Haunt                    Necr/Summ      3%         N/A       100%        7
 Infestation              Necr           3%         N/A       100%        8


Dungeon Overview and Level Annotations

Branches:
Dungeon (8/15)             Temple (1/1) D:4           Sewer (visited)
   Lair: D:8-11

Altars:
Ashenzari
Cheibriados
Dithmenos
Elyvilon
Fedhas
Gozag
Hepliaklqana
Kikubaaqudgha
Makhleb
Okawaru
Qazlal
Ru
Trog
Uskayaw
Vehumet
Wu Jian
Xom
Yredelemnul
Zin
The Shining One


Innate Abilities, Weirdness & Mutations

One of your tentacles has grown a beastly spike.
You cannot wear most types of armour.
You are amphibious.
You can wear up to eight rings at the same time.
Your skin changes colour to match your surroundings (Stealth+).
Your rubbery body absorbs attacks. (AC +1, EV +1)
((You are camouflaged when in or above water. (Stealth+)))
You have tentacles for arms and can constrict up to eight enemies at once.


Message History

The yak gores you! The yak closely misses you.
Your Unarmed Combat skill increases to level 8!
Casting: Wereblood (safe; 1% risk of failure)
Confirm with . or Enter, or press ? or * to list all spells.
One of your tentacles grows a vicious spike.
The yak gores you! x2
You bludgeon the yak!
You pierce the yak, but do no damage.
The yak is moderately wounded.
The yak gores you!
* * * LOW HITPOINT WARNING * * *
The yak closely misses you.
You tentacle-slap the yak. Your squeeze misses the yak.
The yak is moderately wounded.
The yak misses you. The yak gores you!
* * * LOW HITPOINT WARNING * * *
You barely miss the yak.
Your tentacle spike misses the yak.
You squeeze the yak.
The yak is heavily wounded.
You feel better. The yak closely misses you.
The yak gores you but does no damage.
You tentacle-slap the yak.
You pierce the yak, but do no damage.
You squeeze the yak!
The yak is almost dead.
The yak misses you. The yak closely misses you.
You tentacle-slap the yak.
You feel a bit better.
You kill the yak!
Dithmenos accepts your kill. The yak closely misses you.
You tentacle-slap the yak.
The yak is lightly wounded.
Your transformation is almost over.
The yak gores you but does no damage.
You barely miss the yak.
You pierce the yak!
Your tentacle-slap misses the yak.
The yak is moderately wounded.
The yak gores you!
* * * LOW HITPOINT WARNING * * *
You bludgeon the yak!
You pierce the yak, but do no damage.
The yak is heavily wounded.
The yak gores you!
You die...

....# ...... .
...###....... Y#
.........[..... ### ..#
...#...........##..#YY..
...#........#..........#
............# #.....Y#
............###†Y#
....###......##†@#
.....#........#..#
................##
#.......(.......#
#..........))...#
............)###....
....................
...................#
.........[..........#


You could see a yak.

Vanquished Creatures
  Grinder (D:5)
  Sigmund (D:5)
  The ghost of krest9999 the Covered, an amateur AtFi (D:4)
  15 yaks (D:8)
  A steam dragon (D:7)
  Duvessa (D:7)
  A sky beast (D:7)
  2 black bears
  An ice beast (D:5)
  An ogre (D:6)
  2 centaurs
  2 kobold brigands
  3 bullfrogs
  4 scorpions
  6 wights
  Dowan (D:7)
  2 howler monkeys
  4 hounds
  2 jellies
  2 orc priests
  Jessica (D:2)
  2 sleepcaps (D:5)
  Natasha (thrice) (D:2)
  7 iguanas
  4 orc wizards
  A hound zombie (D:3)
  4 gnolls (D:5)
  16 adders
  2 river rats
  A shadow imp (D:7)
  2 white imps (D:7)
  An adder zombie (D:3)
  5 worms
  2 dart slugs
  12 orcs
  13 ball pythons
  6 endoplasms
  5 giant cockroaches
  5 goblins
  8 hobgoblins
  18 kobolds
  3 quokkas
  6 bats
  11 frilled lizards
  A quokka zombie (D:3)
  15 rats
207 creatures vanquished.

Vanquished Creatures (others)
  18 plants (D:8)
18 creatures vanquished.

Grand Total: 225 creatures vanquished

Notes
Turn   | Place    | Note
-------+----------+-------------------------------------------
     0 | D:1      | loralnil the Octopode Transmuter began the quest for the
                  | Orb.
     0 | D:1      | Reached XP level 1. HP: 13/13 MP: 3/3
    91 | D:1      | Reached XP level 2. HP: 14/18 MP: 3/5
   141 | D:1      | Learned a level 2 spell: Wereblood
  1383 | D:2      | Reached XP level 3. HP: 23/23 MP: 4/6
  1387 | D:2      | Learned a level 3 spell: Spider Form
  1431 | D:2      | Noticed Jessica
  1448 | D:2      | Killed Jessica
  1449 | D:2      | Reached XP level 4. HP: 12/29 MP: 3/7
  1538 | D:2      | Identified the +2 robe of Zin's Benevolence {rPois}
  1585 | D:2      | Noticed Natasha
  1593 | D:2      | Killed Natasha
  1720 | D:2      | Noticed Natasha
  1728 | D:2      | Killed Natasha
  1729 | D:2      | Reached XP level 5. HP: 26/34 MP: 5/9
  1812 | D:2      | Noticed Natasha
  1817 | D:2      | Killed Natasha
  2022 | D:3      | Found a basalt altar of Yredelemnul.
  2088 | D:3      | Found an iron altar of Okawaru.
  2525 | D:4      | You fall into a shaft and drop 1 floor!
  2525 | D:5      | Entered Level 5 of the Dungeon
  2615 | D:5      | Reached XP level 6. HP: 40/41 MP: 10/10
  2623 | D:5      | Found a glowing silver altar of Zin.
  2705 | D:5      | Reached skill level 4 in Unarmed Combat
  2883 | D:5      | Found a glowing drain.
  2890 | Sewer    | Entered a sewer
  3538 | D:5      | Reached XP level 7. HP: 24/46 MP: 3/12
  4112 | D:5      | Noticed Sigmund
  4117 | D:5      | Killed Sigmund
  4233 | D:5      | Noticed Grinder
  4248 | D:5      | Paralysed by Grinder for 5 turns
  4255 | D:5      | Killed Grinder
  4256 | D:5      | Reached skill level 5 in Unarmed Combat
  4256 | D:5      | Reached XP level 8. HP: 14/54 MP: 2/14
  4394 | D:5      | Found a blossoming altar of Fedhas.
  4719 | D:4      | Found a runed translucent door.
  4733 | D:4      | Noticed krest9999's ghost (amateur AtFi)
  4768 | D:4      | Killed krest9999's ghost
  4939 | D:4      | Found an ornate altar of the Wu Jian Council.
  5100 | D:4      | Reached skill level 5 in Transmutations
  5104 | D:4      | Reached skill level 5 in Dodging
  5428 | D:4      | Found a staircase to the Ecumenical Temple.
  5437 | Temple   | Entered the Ecumenical Temple
  6278 | D:6      | Found a shadowy altar of Dithmenos.
  6286 | D:6      | Became a worshipper of Dithmenos the Shadowed
  6371 | D:6      | Reached skill level 5 in Fighting
  6371 | D:6      | Reached XP level 9. HP: 57/61 MP: 14/16
  6400 | D:6      | Found a hide-covered altar of Uskayaw.
  6405 | D:6      | Reached skill level 5 in Spellcasting
  6413 | D:6      | Reached skill level 6 in Unarmed Combat
  6862 | D:6      | Found a snail-covered altar of Cheibriados.
  6932 | D:6      | Found a shimmering altar of Xom.
  7246 | D:7      | Found a broken altar of Ashenzari.
  7250 | D:7      | Noticed Duvessa
  7265 | D:7      | Killed Duvessa
  7265 | D:7      | Noticed Dowan
  7272 | D:7      | Killed Dowan
  7306 | D:7      | Found a stormy altar of Qazlal.
  7516 | D:7      | Reached * piety under Dithmenos
  7586 | D:7      | Identified the +1 pair of boots "Ocun" {rN+ Regen+ Int+4}
  8128 | D:8      | Reached skill level 7 in Unarmed Combat
  8142 | D:8      | Reached XP level 10. HP: 62/66 MP: 12/19
  8532 | D:8      | Reached ** piety under Dithmenos
  8869 | D:8      | Reached skill level 8 in Unarmed Combat
  8871 | D:8      | HP: 3/66 [yak (9)]
  8878 | D:8      | Slain by a yak

Illustrated notes

Levels and vault maps discovered:
D:1:      tarquinn_simple_flora_water_b, layout_basic, dk_noncrumbling_4
D:2:      layout_basic, uniq_jessica, uniq_natasha
D:3:      layout_rooms, nicolae_yredelemnul_corpse_copse, lemuel_tele_altar
D:4:      minmay_polygon_palace, layout_basic, nicolae_overflow_crystal_walls,
          minmay_temple_entry_butterflies, ebering_ghost_sewer_d
D:5:      layout_basic, mainiacjoe_overflow_small_starburst,
          lemuel_coloured_pillars_altar, portal_sewer_entry_b,
          hangedman_decor_growths, minivault_24, uniq_sigmund, uniq_grinder
D:6:      layout_loops_ring, nicolae_uskayaw_dance_hall, cheibriados_altar_1,
          grunt_dithmenos_smoke, kennysheep_mini_moat,
          hangedman_abyss_or_decor_jellyfish_corner
D:7:      layout_loops_ring, mainiacjoe_overflow_catwalk_spiral, uniq_duvessa
D:8:      layout_cave_pools, mainiacjoe_overflow_cross_hatched,
          erik_lair_orcish_takeover
Temple:   compressed_dpeg_triangle_lava_temple

Skill      XL: |  1  2  3  4  5  6  7  8  9 10 |
---------------+-------------------------------+-----
Fighting       | 2 3 4 5 |  5.0
Transmutations | 3 4 5 6 7 |  7.7
Dodging        | 3 4 5 6 7 |  7.6
Spellcasting   | 3 4 6 7 |  7.0
Unarmed Combat | 4 5 7 8 |  8.0

Action                     |  1- 3 |  4- 6 |  7- 9 | 10-12 || total
---------------------------+-------+-------+-------+-------++-------
  Melee: Unarmed           |    44 |   143 |   254 |   113 ||   554
         Constrict         |     8 |    50 |    52 |     5 ||   115
         Kick              |     8 |    51 |    75 |    18 ||   152
         Tentacles         |     8 |    31 |    47 |    14 ||   100
         Punch             |     1 |     5 |     7 |     6 ||    19
   Cast: Beastly Appendage |    13 |    40 |    41 |     7 ||   101
         Wereblood         |       |     1 |     3 |     3 ||     7
         Spider Form       |       |       |     7 |     2 ||     9
    Use: Scroll            |       |    11 |     3 |       ||    14
         Potion            |       |       |       |     1 ||     1
   Stab: Sleeping          |     3 |    14 |     4 |       ||    21
 Armour: Skin              |     9 |    22 |    48 |    15 ||    94
  Dodge: Dodged            |    23 |    78 |   167 |   104 ||   372
